 Dungeon Crawl Stone Soup version 0.27-a0-3-gcf006a40f5 (webtiles) character file.

Game seed: 5494215389022022180

7 teolandon225 the Sneak (level 1, -4/9 HPs)
             Began as a Spriggan Enchanter on Jan 1, 2021.
             Killed from afar by a dart slug (6 damage)
             ... with a slug dart
             ... on level 1 of the Dungeon.
             The game lasted 00:00:56 (202 turns).

teolandon225 the Sneak (Spriggan Enchanter)          Turns: 202, Time: 00:00:56

Health: -4/9       AC:  2    Str:  4    XL:     1   Next: 83%
Magic:  4/5        EV: 18    Int: 16    God:
Gold:   0          SH:  0    Dex: 16    Spells: 4/5 levels left

rFire    . . .     SeeInvis +   a - +1 dagger
rCold    . . .     Faith    .   (shield restricted)
rNeg     . . .     Spirit   .   b - +0 robe
rPois    .         Reflect  .   (helmet restricted)
rElec    .         Harm     .   (no cloak)
rCorr    .         Rampage  .   (gloves unavailable)
Will     .....                  (boots unavailable)
Stlth    +++.......             (no amulet)
HPRegen  0.03/turn              (no ring)
MPRegen  0.09/turn              (no ring)

@: very quick
A: very small, unfitting armour, see invisible, speed 3
a: no special abilities


You were on level 1 of the Dungeon.
You visited 1 branch of the dungeon, and saw 1 of its levels.

Inventory:

Hand Weapons
 a - a +1 dagger (weapon)
Armour
 b - a +0 robe (worn)
Scrolls
 c - a scroll of amnesia {unknown}
Potions
 d - 2 potions of ambrosia {unknown}


   Skills:
 + Level 1.3 Short Blades
 + Level 3.1 Dodging
 * Level 4.6 Stealth
 + Level 2.8 Spellcasting
 * Level 3.8 Hexes


You had 4 spell levels left.
You knew the following spells:

 Your Spells              Type           Power        Failure   Level
a - Corona                Hex            15%          4%          1

Your spell library contained the following spells:

 Spells                   Type           Power        Failure   Level
 Confusing Touch          Hex            14%          12%         3
 Tukima's Dance           Hex            14%          12%         3
 Ensorcelled Hibernation  Hex/Ice        16%          13%         2
 Dazzling Flash           Conj/Hex       16%          26%         3


Dungeon Overview and Level Annotations

Branches:
Dungeon (1/15)

Altars:


Innate Abilities, Weirdness & Mutations

You are very small and have problems with some larger weapons.
You are too small for most types of armour.
You have supernaturally acute eyesight. (SInv)
You cover ground extremely quickly.


Message History

You hit the goblin.
You kill the goblin!
You hit the goblin.
You kill the goblin!
The dart slug launches a dart at you. The slug dart misses you.
You see here a +0 dagger.
The dart slug launches a dart at you. The slug dart misses you.
You hit the dart slug but do no damage. You hit the dart slug.
The dart slug is moderately wounded.
The dart slug bites you.
* * * LOW HITPOINT WARNING * * *
You hit the dart slug.
The dart slug is moderately wounded.
The dart slug launches a dart at you. The slug dart hits you.
Ouch! That really hurt!
You die...

### #.. ## ### ### #.# ..
#.. ..# ##.## #.
#.###.####...## #.
#.#...........#
####.###.#.#.####....####
#......w@.).......#......
#.##.#.#######.###.#####.
#.#.# #.# #.# ##. #.#.#
#.# #.####.. ..#.# #.#
#...†..# .w#.# #.#
######.. ...#.# #.# ##.
...#.# #.# #. #.# #.


You could see a dart slug.

Vanquished Creatures
  A giant cockroach (D:1)
  3 goblins (D:1)
  A bat (D:1)
  A kobold (D:1)
6 creatures vanquished.

Notes
Turn   | Place    | Note
-------+----------+-------------------------------------------
     0 | D:1      | teolandon225 the Spriggan Enchanter began the quest for the
                  | Orb.
     0 | D:1      | Reached XP level 1. HP: 9/9 MP: 5/5
   202 | D:1      | Killed from afar by a dart slug

Illustrated notes

Levels and vault maps discovered:
D:1:      lightli_arrival_maybe_door_vault, layout_loops_ring

Action                   || total
-------------------------++-------
Melee: Dagger            ||    24
 Cast: Corona            ||     2
 Stab: Sleeping          ||     3
Armor: Robe              ||     4
Dodge: Dodged            ||    21

Table legend: (Time is in decaauts)
 A = Elapsed time spent in this place.
 B = Non-inter-level travel time spent in this place.
 C = Inter-level travel time spent in this place.
 D = Time resting spent in this place.
 E = Time spent auto-exploring this place.
 F = Levels seen in this place.
 G = Mean time per level.
                   A        B        C        D        E       F      G
               +--------+--------+--------+--------+--------+-----+--------+
         Total |    152 |    152 |      0 |      0 |     86 |   1 |  152.0 |
       Dungeon |    152 |    152 |      0 |      0 |     86 |   1 |  152.0 |
               +--------+--------+--------+--------+--------+-----+--------+

Top non-repeatable levels by time:
     D:1: 152 daAuts
